 Dungeon Crawl Stone Soup version 0.30-b1-2-g02819fbbbe (webtiles) character file.

Game seed: 13417562048536748491

2633 GreatBrownShark the Ducker (level 9, -1/71 HPs)
             Began as a Merfolk Gladiator on Sept 25, 2023.
             Was a Priest of Jiyva.
             Slain by a wolf (8 damage)
             ... on level 1 of the Lair of Beasts.
             The game lasted 00:15:13 (5973 turns).

GreatBrownShark the Ducker (Merfolk Gladiator)      Turns: 5973, Time: 00:15:14

Health: -1/71      AC:  8    Str: 26    XL:     9   Next: 61%
Magic:  9/9        EV: 13    Int:  5    God:    Jiyva [***...]
Gold:   236        SH:  0    Dex: 14    Spells: 8/8 levels left

rFire   . . .        a - +1 trident (elec)
rCold   . . .        (no shield)
rNeg    . . .        k - +0 scale mail
rPois   .            c - +0 helmet
rElec   .            (no cloak)
rCorr   +            (no gloves)
SInv    .            (no boots)
Will    +....        (no amulet)
Stlth   +            (no ring)
HPRegen 1.43/turn    (no ring)
MPRegen 0.46/turn

%: no passive effects
@: brilliant, hasted, invisible, very quick
A: (nimble swimmer 2), mertail, strong-willed 1, strong 2, wild magic 1,
evolution 2, noise suppression
a: Renounce Religion, Oozemancy


You were on level 1 of the Lair of Beasts.
You worshipped Jiyva.
Jiyva was most pleased with you.
You visited 2 branches of the dungeon, and saw 9 of its levels.
You also visited: Sewer.

You collected 236 gold pieces.

Inventory:

Hand Weapons
 a - a +1 trident of electrocution (weapon)
 A - the +3 battleaxe of Akhih {holy, Will+ Str+4 Dex+3}
   (You took it off a gnoll sergeant on level 7 of the Dungeon)

   Str:       It affects your strength (+4).
   Dex:       It affects your dexterity (+3).
   Will:      It increases your willpower.
Missiles
 d - 3 throwing nets (quivered)
 f - 2 poisoned darts
 r - 22 stones
 w - 3 boomerangs
Armour
 c - a +0 helmet (worn)
 k - a +0 scale mail (worn)
 y - a +0 chain mail
 B - a +0 kite shield
Scrolls
 g - a scroll of silence {unknown}
 m - a scroll of poison
 n - 2 scrolls of enchant weapon
 o - a scroll of brand weapon
 q - a scroll of noise {unknown}
 s - 4 scrolls of teleportation {unknown}
 t - a scroll of identify
 x - a scroll of immolation {unknown}
Potions
 b - a potion of mutation
 h - 2 potions of magic
 i - a potion of lignification
 p - a potion of ambrosia {unknown}
 u - a potion of might {unknown}
 v - a potion of brilliance
Miscellaneous
 C - a condenser vane (inert)


   Skills:
 + Level 6.9 Fighting
 - Level 5.0 Polearms
 - Level 5.0 Throwing
 + Level 4.0 Armour
 - Level 7.2 Dodging
 - Level 3.0 Stealth
 + Level 3.1 Shields
 + Level 5.7 Unarmed Combat


You had 8 spell levels left.
You didn't know any spells.
Your spell library contained the following spells:

 Spells                   Type           Power      Damage    Failure   Level
 Static Discharge         Conj/Air       0%         2-2/arc   91%         2
 Gell's Gravitas          Tloc           0%         N/A       99%         3
 Teleport Other           Tloc           0%         N/A       99%         3
 Tukima's Dance           Hex            0%         N/A       99%         3
 Airstrike                Air            0%         2d(0-16)  100%        4
 Passage of Golubria      Tloc           0%         N/A       100%        4
 Summon Lightning Spire   Summ/Air       0%         N/A       100%        4
 Yara's Violent Unravell  Hex/Tmut       0%         3d3       100%        5
 Dispersal                Tloc           0%         N/A       100%        6


Dungeon Overview and Level Annotations

Branches:
Dungeon (8/15) Zot: 26971  Temple (0/1) D:6            Lair (1/5) D:8 Zot: 5636
  Sewer (visited)

Altars:
Ashenzari
Fedhas
Qazlal
Uskayaw

Shops:
D:2 [   D:6 [

Annotations:
D:2 Terence
D:4 exclusion: downstairs
D:5 exclusion: water moccasin, Menkaure
D:6 exclusion: downstairs
D:7 4 runed translucent doors, 7 exclusions


Innate Abilities, Weirdness & Mutations

((You are very nimble when in or above water. (Stealth+, EV+, Speed+++)))
Your lower body shifts to a powerful aquatic tail in water.
You are strong-willed. (Will+)
Your muscles are very strong. (Str +8, Int/Dex -2)
Your spells are a little harder to cast, but a little more powerful.
You have great hidden genetic potential.
You passively dampen the noise of your surroundings.


Message History

* * * LOW HITPOINT WARNING * * *
The wolf closely misses you. The wyvern attacks as you move away!
The wyvern barely misses you. The wyvern attacks as you move away!
The wyvern barely misses you. The wolf attacks as you move away!
The wolf misses you.
You hit the wolf.
The wolf is severely wounded.
The wolf bites you.
* * * LOW HITPOINT WARNING * * *
It was a potion of curing.
You feel better. The wolf bites you.
* * * LOW HITPOINT WARNING * * *
The wolf barely misses you. The wolf completely misses you.
You closely miss the wolf.
The wolf is severely wounded.
The wolf bites you.
* * * LOW HITPOINT WARNING * * *
The wolf bites you!
* * * LOW HITPOINT WARNING * * *
It was a potion of brilliance.
You feel clever all of a sudden. The wolf bites you.
* * * LOW HITPOINT WARNING * * *
The wolf closely misses you.
It was a potion of invisibility.
You fade into invisibility!
The wolf completely misses you. The wolf bites you!
* * * LOW HITPOINT WARNING * * *
The wolf barely misses you.
Okay, then.
Unknown command.
Clouds of noxious fumes condense around you!
The condenser dries out!
The wolf barely misses you.
The wolf is engulfed in noxious fumes.
The wolf appears confused.
The wyvern bites you!
* * * LOW HITPOINT WARNING * * *
You catch the helpless wyvern completely off-guard!
You puncture the wyvern!
The wyvern is moderately wounded.
The wolf bites you!
You die...

#..#####..##.
#..#.###.###...
#..##.....##...#
#..##.....##...# ##.#
#..##.....##...###..#
#..##.....#.....##...
#.........##.§.. ..#
#..#P.....##.hl## P.#
#..#......##.§§@# #.# .
#..####..##P..h####.###....
...####.####.§F.l.F.†......
##...............h..........
###.#######.###.###########
# ### ###


You could see a cane toad (unable to see you), a wyvern (unable to see you) and
2 wolves.

Vanquished Creatures
  Grinder (D:6)
  5 blink frogs (Lair:1)
  A wraith (D:7)
  2 black bears
  A sky beast (D:6)
  2 ice beasts (D:7)
  A gnoll sergeant (D:7)
  2 scorpions
  3 wights (D:7)
  A jelly (Sewer)
  6 hounds
  An orc priest (D:4)
  A gnoll bouda (D:6)
  5 iguanas
  2 orc wizards
  3 gnolls (D:6)
  6 adders
  A river rat (D:3)
  2 ufetubi
  2 worms
  A dart slug (D:1)
  12 orcs
  8 ball pythons
  17 endoplasms
  8 giant cockroaches
  5 goblins
  2 hobgoblins
  4 quokkas
  8 bats
  4 frilled lizards
  6 kobolds
  9 rats
132 creatures vanquished.

Vanquished Creatures (others)
  A wolf (Lair:1)
  A centaur (D:7)
  A bullfrog (D:7)
  A scorpion (D:5)
  A wight (D:7)
  Dowan (D:5)
  A howler monkey (D:4)
  A hound (D:5)
  17 jellies
  2 orc priests
  An iguana (D:6)
  2 orc wizards
  A sleepcap (D:7)
  An adder (D:4)
  A shadow imp (D:5)
  An ufetubus (D:6)
  17 orcs
  A ball python (D:4)
  A bat (D:3)
  2 endoplasms (D:4)
  3 jackals (D:5)
  2 quokkas (D:4)
  A goblin (D:4)
  5 fungi (Lair:1)
  7 plants
73 creatures vanquished.

Grand Total: 205 creatures vanquished

Notes
Turn   | Place    | Note
-------+----------+-------------------------------------------
     0 | D:1      | GreatBrownShark the Merfolk Gladiator began the quest for
                  | the Orb.
     0 | D:1      | Reached XP level 1. HP: 16/16 MP: 1/1
   230 | D:1      | Reached XP level 2. HP: 24/24 MP: 2/2
   376 | D:1      | Reached skill level 1 in Stealth
   481 | D:1      | Found a faded altar of an unknown god.
   748 | D:2      | Reached XP level 3. HP: 17/29 MP: 3/3
   911 | D:2      | Found Giat Jim's Antique Armour Shop.
   926 | D:2      | Noticed Terence
  1097 | D:2      | Identified the +1 leather armour of Disaster {Int+3}
  1548 | D:3      | Reached XP level 4. HP: 35/35 MP: 4/4
  1774 | D:3      | Found a stormy altar of Qazlal.
  1903 | D:3      | Found a glowing drain.
  1913 | Sewer    | Entered a sewer
  1951 | Sewer    | Reached XP level 5. HP: 32/41 MP: 5/5
  2093 | Sewer    | Found a viscous altar of Jiyva.
  2101 | Sewer    | Reached skill level 1 in Armour
  2179 | Sewer    | Identified the +3 robe of the Morning {Contam rElec Str-5
                  | Int+5}
  2197 | Sewer    | Became a worshipper of Jiyva Juss the Shapeless
  2685 | D:4      | Reached * piety under Jiyva
  2959 | D:4      | Identified the +7 dagger "Egiuj Kifikk" {drain, Stlth+}
  2999 | D:4      | Reached XP level 6. HP: 45/48 MP: 6/6
  3065 | D:4      | Reached skill level 1 in Unarmed Combat
  3156 | D:4      | Reached skill level 5 in Dodging
  3492 | D:4      | Identified the +8 ring mail of Emuor {rN+ Will+ Str+2}
  3722 | D:5      | Entered Level 5 of the Dungeon
  3733 | D:5      | Reached skill level 5 in Polearms
  3785 | D:5      | Noticed a water moccasin
  3906 | D:5      | Noticed Menkaure
  3906 | D:5      | Noticed Dowan
  3954 | D:5      | Killed Dowan
  4003 | D:6      | Reached ** piety under Jiyva
  4012 | D:6      | Found a staircase to the Ecumenical Temple.
  4018 | D:6      | Reached XP level 7. HP: 51/54 MP: 7/7
  4078 | D:6      | Noticed Grinder
  4083 | D:6      | Paralysed by Grinder for 3 turns
  4095 | D:6      | Killed Grinder
  4338 | D:6      | Reached skill level 6 in Dodging
  4376 | D:6      | Reached XP level 8. HP: 54/61 MP: 8/8
  4398 | D:6      | Found Ypporeit's Armour Shop.
  4460 | D:6      | Reached skill level 5 in Fighting
  4606 | D:6      | Found a hide-covered altar of Uskayaw.
  4758 | D:6      | Found a broken altar of Ashenzari.
  4996 | D:7      | Noticed a troll
  5091 | D:7      | Reached *** piety under Jiyva
  5356 | D:7      | Found a large runed translucent door.
  5358 | D:7      | Found a large runed translucent door.
  5362 | D:7      | Noticed a skeletal warrior
  5402 | D:7      | Noticed a wraith
  5403 | D:7      | Identified the +3 battleaxe of Akhih {holy, Will+ Str+4
                  | Dex+3}
  5411 | D:7      | Killed a wraith
  5412 | D:7      | Reached skill level 7 in Dodging
  5537 | D:7      | Found a large runed translucent door.
  5537 | D:7      | Found a large runed translucent door.
  5559 | D:7      | Noticed a skeletal warrior
  5591 | D:8      | Found a staircase to the Lair.
  5595 | D:8      | Found a blossoming altar of Fedhas.
  5604 | D:8      | Reached skill level 5 in Throwing
  5604 | D:8      | Reached XP level 9. HP: 18/69 MP: 9/9
  5608 | Lair:1   | Entered Level 1 of the Lair of Beasts
  5710 | Lair:1   | Reached skill level 1 in Shields
  5711 | Lair:1   | HP: 2/69 [blink frog (14)]
  5712 | Lair:1   | Reached skill level 5 in Unarmed Combat
  5712 | Lair:1   | Gained mutation: Your spells are a little harder to cast,
                  | but a little more powerful. [potion of mutation]
  5712 | Lair:1   | Gained mutation: Your muscles are strong. (Str +4, Int/Dex
                  | -1) [potion of mutation]
  5712 | Lair:1   | Gained mutation: You are strong-willed. (Will+) [potion of
                  | mutation]
  5712 | Lair:1   | Gained mutation: You have hidden genetic potential. [potion
                  | of mutation]
  5895 | Lair:1   | Lost mutation: You have hidden genetic potential. [Jiyva's
                  | grace]
  5895 | Lair:1   | Gained mutation: Your muscles are very strong. (Str +8,
                  | Int/Dex -2) [Jiyva's grace]
  5895 | Lair:1   | Gained mutation: You have hidden genetic potential.
                  | [Jiyva's grace]
  5895 | Lair:1   | Gained mutation: You have great hidden genetic potential.
                  | [Jiyva's grace]
  5895 | Lair:1   | Gained mutation: You passively dampen the noise of your
                  | surroundings. [Jiyva's grace]
  5954 | Lair:1   | Noticed a cane toad
  5973 | Lair:1   | Slain by a wolf

Illustrated notes

Levels and vault maps discovered:
D:1:      lightli_arrival_noodles, layout_rooms, shapermc_ecumenical_altar_venn,
          minmay_cupped
D:2:      layout_basic, serial_shops, shop, uniq_terence
D:3:      layout_loops_corners, grunt_qazlal_clouds, portal_sewer_entry_e
D:4:      layout_rooms, serial_co_window_serial, co_window_corner_a,
          co_window_paths_a, co_window_paths_a, co_window_of_opportunity_a,
          co_window_of_opportunity_a, co_window_paths_b, co_window_corner_cb,
          co_window_corner_b, co_window_corner_b, co_window_paths_d,
          co_window_sun, glass_columns_c, glass_columns_a, glass_columns_b,
          chequers_arboretum, minmay_vboxes
D:5:      layout_basic, nicolae_overflow_two_pavilions, st_stairs_6,
          uniq_menkaure, uniq_duvessa
D:6:      layout_loops_corners, mainiacjoe_overflow_big_doors,
          minmay_temple_entry_overgrown, serial_shops, shop_statue,
          dreamdust_princess_bridge, uniq_grinder
D:7:      lemuel_ice_statue, layout_basic, kennysheep_crisscross,
          minmay_hollow_rounded_squares
D:8:      layout_rooms, amcnicky_altar_gilded, lair_entry_dummy, serial_curves,
          eino_curves_01, eino_curves_04, st_stairs_6, uniq_psyche
Lair:1:   layout_regular_city, pdpol_lair_cavern_descent

Skill      XL: |  1  2  3  4  5  6  7  8  9 |
---------------+----------------------------+-----
Fighting       | 3 4 5 6 |  6.9
Stealth        | 2 3 |  3.0
Armour         | 1 2 3 4 |  4.0
Unarmed Combat | 1 3 4 5 |  5.7
Throwing       | 3 4 5 |  5.0
Dodging        | 5 6 7 |  7.2
Polearms       | 5 |  5.0
Shields        | 3 |  3.1

Action                     |  1- 3 |  4- 6 |  7- 9 || total
---------------------------+-------+-------+-------++-------
  Melee: Trident           |    64 |   169 |   168 ||   401
         Punch             |       |       |     6 ||     6
  Throw: Stone             |    22 |       |       ||    22
         Javelin           |    28 |     6 |       ||    34
         Throwing net      |     1 |       |       ||     1
 Invoke: Oozemancy         |       |       |     1 ||     1
  Evoke: Condenser vane    |       |       |     2 ||     2
    Use: Scroll            |     5 |       |     1 ||     6
         Potion            |       |       |     6 ||     6
   Stab: Sleeping          |       |    12 |     1 ||    13
         Confused          |       |       |     2 ||     2
         Invisible         |       |       |     1 ||     1
 Armour: Leather armour    |    14 |    13 |       ||    27
         Scale mail        |       |    34 |    37 ||    71
  Dodge: Dodged            |    45 |    88 |    86 ||   219
